 Dungeon Sprint DCSS version 0.30.1-11-g7821555f0a (webtiles) character file.

Game seed: 7898304674073181669

1000000 Groucho the Portalist (level 10, -5/55 HPs)
             Began as a Spriggan Warper on Nov 8, 2023.
             Was an Initiate of Makhleb.
             Slain by a bag of meat
             ... wielding a +9 war axe
              (29 damage)
             ... in the Dungeon (Sprint VIII: "Arena of Blood").
             The game lasted 00:00:22 (10 turns).

Groucho the Portalist (Spriggan Warper)               Turns: 10, Time: 00:00:23

Health: -5/55      AC:  2    Str:  7    XL:     10   Next: 77%
Magic:  6/27       EV: 27    Int: 18    God:    Makhleb [......]
Gold:   0          SH:  0    Dex: 16    Spells: 34/34 levels left

rFire   . . .        j - +∞ Axe of Woe
rCold   . . .        (shield currently unavailable)
rNeg    . . .        b - +0 robe
rPois   .            (helmet restricted)
rElec   .            (no cloak)
rCorr   .            (gloves unavailable)
SInv    +            (boots unavailable)
Will    +....        (no amulet)
Stlth   +            (no ring)
HPRegen 0.29/turn    (no ring)
MPRegen 0.20/turn

%: no teleportation
@: very quick
A: very small, no large weapons, unfitting armour, see invisible, speed 3
a: Renounce Religion


You were in the Dungeon.
You worshipped Makhleb.
Makhleb was noncommittal.
You visited 1 branch

Inventory:

Hand Weapons
 a - a +0 hand axe
 j - the +∞ Axe of Woe (weapon)
   (You found it in the Dungeon)
Missiles
 d - 7 boomerangs of dispersal (quivered)
Armour
 b - a +0 robe (worn)
Scrolls
 c - 2 scrolls of blinking
Potions
 e - a potion of curing
 f - a potion of heal wounds
 g - a potion of haste
 h - 2 potions of magic
 i - a potion of berserk rage


   Skills:
 + Level 7.2 Fighting
 + Level 8.2 Axes
 + Level 2.6 Throwing
 + Level 15.1 Dodging
 + Level 12.9 Spellcasting
 + Level 23.0 Translocations


You had 34 spell levels left.
You didn't know any spells.
Your spell library contained the following spells:

 Spells                   Type           Power      Damage    Failure   Level
 Blink                    Tloc           100%       N/A       0%          2
 Lesser Beckoning         Tloc           100%       N/A       0%          2
 Teleport Other           Tloc           76%        N/A       0%          3
 Manifold Assault         Tloc           76%        N/A       0%          4
 Vhi's Electric Charge    Tloc/Air       100%       N/A       1%          3


Dungeon Overview and Level Annotations

Branches:
Dungeon (1/1)

Altars:
Makhleb


Innate Abilities, Weirdness & Mutations

You are very small and have problems with some larger weapons.
You are too small for most types of armour.
You have supernaturally acute eyesight. (SInv)
You cover ground extremely quickly. (Speed+++)


Message History

You have reached level 6!
You have reached level 7!
You have reached level 8!
You have reached level 9!
Your experience leads to an increase in your attributes!
Increase (S)trength, (I)ntelligence, or (D)exterity?
You feel clever. x2
You have reached level 10!
You feel agile.
Unknown command.
Press < or > to pray at altars.
Unknown command.
Press < or > to pray at altars.
Unknown command.
Press < or > to pray at altars.
Unknown command.
Press < or > to pray at altars.
Memorise Manifold Assault, consuming 4 spell levels and leaving 30?
The bag of meat appears out of thin air!
The bag of meat shouts!
You hear a shout! x6
You start memorising the spell.
You continue memorising.
You hear a shout! x8
You continue memorising.
You hear a shout! x6
You continue memorising.
You hear a shout! x5
The bag of meat misses you.
The meat berserker rages.
The bag of meat barely misses you.
You hear a shout!
You continue memorising.
You hear a shout! x3
The meat berserker completely misses you.
You hear a shout!
The bag of meat hits you with a +9 war axe!!
Your memorisation is interrupted.
Ouch! That really hurt!
The bag of meat hits you with a +9 war axe!!
Ouch! That really hurt!
You die...

.. ..... #.
...# #.. ...# .
.###.. ...###..
......###......
......_.....
#....o# #_.oO@#
#....o#
......_.o...
......###......
.###.. ...###..
#.. ...# . #.
.o.# .. .....


You could see a meat berserker (berserk) and 5 bags of meat.

Vanquished Creatures
  An orc (D)
1 creature vanquished.

Notes
Turn   | Place    | Note
-------+----------+-------------------------------------------
     0 | D        | Found the +∞ Axe of Woe
     0 | D        | Groucho the Spriggan Warper began the quest for the Orb.
     0 | D        | Reached XP level 1. HP: 10/10 MP: 5/5
     1 | D        | Noticed a bag of meat
     2 | D        | Noticed a bag of meat
     2 | D        | Noticed a bag of meat
     4 | D        | Became a worshipper of Makhleb the Destroyer
     5 | D        | Killed a bag of meat
     5 | D        | Noticed a bag of meat
     5 | D        | Noticed a bag of meat
     6 | D        | Reached skill level 15 in Dodging
     6 | D        | Reached skill level 23 in Translocations
     6 | D        | Reached XP level 2. HP: 21/21 MP: 5/16
     6 | D        | Reached XP level 3. HP: 25/25 MP: 5/18
     6 | D        | Reached XP level 4. HP: 30/30 MP: 5/19
     6 | D        | Reached XP level 5. HP: 33/33 MP: 5/21
     6 | D        | Reached XP level 6. HP: 38/38 MP: 5/22
     6 | D        | Reached XP level 7. HP: 42/42 MP: 5/24
     6 | D        | Reached XP level 8. HP: 46/46 MP: 5/25
     6 | D        | Reached XP level 9. HP: 50/50 MP: 5/26
     6 | D        | Reached XP level 10. HP: 55/55 MP: 5/27
     6 | D        | Noticed a bag of meat
     6 | D        | Noticed a meat berserker
     9 | D        | Noticed a bag of meat
    10 | D        | Slain by a bag of meat

Illustrated notes

Levels and vault maps discovered:
D:        meatsprint

Skill      XL: |  1 |
---------------+----+-----
Fighting       | 7 |  7.2
Axes           | 8 |  8.2
Throwing       | 2 |  2.6
Dodging        | 15 | 15.1
Spellcasting   | 12 | 12.9
Translocations | 23 | 23.0

Action                     |  1- 3 |  4- 6 |  7- 9 | 10-12 || total
---------------------------+-------+-------+-------+-------++-------
  Melee: Broad axe         |     1 |       |       |       ||     1
  Dodge: Dodged            |       |       |       |     3 ||     3
